 Dungeon Crawl Stone Soup version 0.29-a0-813-g4a14ea37d6 (webtiles) character file.

Game seed: 16498197626213240618

3462 avis the Skirmisher (level 9, 0/75 HPs)
             Began as a Demigod Hunter on July 4, 2022.
             Slain by a troll (12 damage)
             ... on level 9 of the Dungeon.
             The game lasted 00:57:14 (9131 turns).

avis the Skirmisher (Demigod Hunter)                Turns: 9131, Time: 00:57:15

Health: 0/75       AC:  8    Str: 12    XL:     9   Next: 49%
Magic:  11/11      EV: 17    Int: 17    God:
Gold:   461        SH:  0    Dex: 35    Spells: 8/8 levels left

rFire   . . .      SeeInvis .   a - +3 shortbow (flame)
rCold   . . .      Faith    .   (shield currently unavailable)
rNeg    . . .      Spirit   .   B - +1 ring mail {rPois}
rPois   +          Reflect  .   (no helmet)
rElec   .          Harm     .   y - +0 cloak
rCorr   .          Rampage  .   (no gloves)
Will    .....                   m - +0 pair of boots
Stlth   ++........              j - amulet of the acrobat
HPRegen 0.22/turn               D - +6 ring of dexterity
MPRegen 0.12/turn               E - +6 ring of intelligence

@: studying Axes
A: high MP 1, forlorn, divine attributes
a: no special abilities


You were on level 9 of the Dungeon.
You visited 2 branches of the dungeon, and saw 10 of its levels.
You also visited: Ossuary.

You collected 481 gold pieces.
You spent 20 gold pieces at shops.

Inventory:

Hand Weapons
 a - a +3 shortbow of flaming (weapon)
 b - a +3 great sword of freezing
 g - a +1 short sword of electrocution
 w - a +1 falchion of protection
Missiles
 p - 3 curare-tipped darts
 A - 12 poisoned darts
Armour
 m - a +0 pair of boots (worn)
 y - a +0 cloak (worn)
 B - a +1 ring mail of poison resistance (worn)
Jewellery
 j - an amulet of the acrobat (around neck)
 D - a +6 ring of dexterity (left hand)
 E - a +6 ring of intelligence (right hand)
 J - a ring of see invisible
 V - a ring of protection from fire
Wands
 c - a wand of digging (1)
 n - a wand of light (8)
Scrolls
 e - 2 scrolls of teleportation {unknown}
 k - a scroll of enchant armour {unknown}
 l - 2 scrolls of magic mapping
 o - a scroll of vulnerability {unknown}
 q - a scroll of fog {unknown}
 z - a scroll of amnesia {unknown}
 G - a scroll of poison {unknown}
 H - a scroll of fear {unknown}
 K - a scroll of summoning {unknown}
 R - a scroll of blinking {unknown}
 S - 2 scrolls of enchant weapon {unknown}
 X - a scroll of noise {unknown}
Potions
 d - 4 potions of berserk rage
 f - 2 potions of flight
 h - 2 potions of might
 i - 4 potions of brilliance
 r - 5 potions of curing
 s - 5 potions of lignification
 v - 4 potions of heal wounds
 x - a potion of resistance {unknown}
 F - 2 potions of ambrosia
 L - 2 potions of cancellation {unknown}
 M - 3 potions of haste {unknown}
 N - 2 potions of invisibility {unknown}
 O - a potion of attraction {unknown}
 P - a potion of magic {unknown}
 T - a potion of degeneration {unknown}


   Skills:
 - Level 6.0 Fighting
 * Level 10.6 Ranged Weapons
 - Level 6.0 Dodging
 - Level 0.8 Stealth


You had 8 spell levels left.
You didn't know any spells.
Your spell library contained the following spells:

 Spells                   Type           Power      Damage    Failure   Level
 Call Canine Familiar     Summ           0%         N/A       85%         3
 Portal Projectile        Hex/Tloc       0%         N/A       85%         3
 Summon Guardian Golem    Hex/Summ       0%         N/A       85%         3
 Leda's Liquefaction      Hex/Erth       0%         N/A       99%         4
 Orb of Destruction       Conj           0%         9d5       100%        7
 Spellforged Servitor     Conj/Summ      0%         N/A       100%        7


Dungeon Overview and Level Annotations

Branches:
Dungeon (9/15)             Temple (1/1) D:4         Ossuary (visited)
   Lair: D:8-11         Orc: D:9-12

Shops:
D:1 ?   D:8 :

Annotations:
D:5 1 runed translucent door, porpoise's ghost, weakling FoDe


Innate Abilities, Weirdness & Mutations

You have an increased reservoir of magic. (+10% MP)
You shall have no god before yourself.
Your divine heritage dramatically boosts your attributes as you level up.


Message History

Press: ? - help, Q - select action, (/) - cycle Shift-Dir - straight line, f/p - troll
Aim: a troll (severely wounded, 76% to hit)
You shoot an arrow. The arrow hits the troll.
The arrow burns the troll.
The troll is severely wounded.
The troll completely misses you. The troll misses you. x2
Fire: a) +3 shortbow (flame)
Press: ? - help, Q - select action, (/) - cycle Shift-Dir - straight line, f/p - troll
Aim: a troll (severely wounded, 76% to hit)
You shoot an arrow. The arrow completely misses the troll.
The troll bites you. The troll claws you but does no damage.
The troll misses you.
Fire: a) +3 shortbow (flame)
Press: ? - help, Q - select action, (/) - cycle Shift-Dir - straight line, f/p - troll
Aim: a troll (severely wounded, 76% to hit)
You shoot an arrow. The arrow closely misses the troll.
The troll bites you but does no damage. The troll claws you but does no damage.
The troll misses you.
Fire: a) +3 shortbow (flame)
Press: ? - help, Q - select action, (/) - cycle Shift-Dir - straight line, f/p - troll
Aim: a troll (severely wounded, 76% to hit)
You shoot an arrow. The arrow barely misses the troll.
The troll bites you. The troll misses you. The troll completely misses you.
Unknown command.
Fire: a) +3 shortbow (flame)
Press: ? - help, Q - select action, (/) - cycle Shift-Dir - straight line, f/p - troll
Aim: a troll (severely wounded, 76% to hit)
You shoot an arrow.
The arrow hits the troll but does no damage.
The troll is severely wounded.
The troll bites you! The troll barely misses you. The troll claws you.
Fire: a) +3 shortbow (flame)
Press: ? - help, Q - select action, (/) - cycle Shift-Dir - straight line, f/p - troll
Aim: a troll (severely wounded, 76% to hit)
You shoot an arrow.
The arrow hits the troll but does no damage.
The troll is severely wounded.
The troll bites you!
* * * LOW HITPOINT WARNING * * *
The troll barely misses you. The troll claws you!
You die...

### ...
#####.#########
#.............#
#.........@...#
#.<.......T...#
#†...........=#
.T.............#
###.............#
#.............#
#.............#
#.............#
#.........


You could see a troll.

Vanquished Creatures
  A hornet (D:9)
  A wraith (Ossuary)
  A wyvern (D:7)
  3 yaks (D:8)
  A steam dragon (D:9)
  3 water moccasins
  A sky beast (D:6)
  2 orc warriors
  An ice beast (D:8)
  2 centaurs
  A kobold brigand (D:8)
  3 bullfrogs
  2 scorpions
  4 wights (D:6)
  3 howler monkeys
  4 hounds
  A jelly (D:5)
  5 orc priests
  2 gnoll boudas
  3 iguanas (D:6)
  4 orc wizards
  A mummy (Ossuary)
  14 gnolls
  4 adders
  A shadow imp (D:7)
  2 ufetubi
  4 dart slugs
  43 orcs
  5 ball pythons
  4 bats
  3 endoplasms
  5 giant cockroaches
  7 hobgoblins
  10 jackals
  12 kobolds
  A quokka (D:1)
  2 frilled lizards
  3 gnoll skeletons (Ossuary)
  8 goblins
  8 kobold skeletons (Ossuary)
  14 orc skeletons (Ossuary)
  5 rats
204 creatures vanquished.

Vanquished Creatures (others)
  3 fungi (D:9)
  7 plants (D:9)
10 creatures vanquished.

Grand Total: 214 creatures vanquished

Notes
Turn   | Place    | Note
-------+----------+-------------------------------------------
     0 | D:1      | avis the Demigod Hunter began the quest for the Orb.
     0 | D:1      | Reached XP level 1. HP: 17/17 MP: 3/3
   154 | D:1      | Found Xaod Nups's Magic Scroll Shop.
   172 | D:1      | Bought a scroll of identify for 20 gold pieces
   222 | D:1      | Reached skill level 4 in Ranged Weapons
   382 | D:1      | Reached XP level 2. HP: 24/24 MP: 4/4
  1043 | D:2      | Reached XP level 3. HP: 28/30 MP: 5/5
  1624 | D:2      | Identified the +1 robe of Laor Va Cyco {Fly rElec rN++
                  | Will+}
  2040 | D:3      | Reached XP level 4. HP: 29/38 MP: 6/6
  2777 | D:3      | Reached XP level 5. HP: 45/45 MP: 7/7
  3090 | D:4      | Reached skill level 5 in Ranged Weapons
  3308 | D:4      | Reached XP level 6. HP: 45/51 MP: 8/8
  3382 | D:4      | Found a staircase to the Ecumenical Temple.
  3546 | Temple   | Entered the Ecumenical Temple
  3609 | D:5      | Entered Level 5 of the Dungeon
  3675 | D:5      | Reached skill level 6 in Ranged Weapons
  3855 | D:5      | HP: 1/51 [centaur/arrow (6)]
  4056 | D:5      | Noticed a water moccasin
  4060 | D:5      | Killed a water moccasin
  4147 | D:5      | Reached XP level 7. HP: 59/59 MP: 9/9
  4185 | D:5      | Noticed porpoise's ghost (weakling FoDe)
  4188 | D:5      | Found a runed translucent door.
  4709 | D:6      | Reached skill level 7 in Ranged Weapons
  5154 | D:6      | You fall into a shaft and drop 2 floors!
  5192 | D:8      | Reached skill level 8 in Ranged Weapons
  5197 | D:8      | Reached XP level 8. HP: 56/67 MP: 10/10
  5209 | D:8      | Found a sand-covered staircase.
  5214 | Ossuary  | Entered an ossuary
  5378 | Ossuary  | Reached skill level 5 in Fighting
  5527 | D:8      | Found Wul Jahi's Book Emporium.
  5542 | D:8      | Reached skill level 5 in Dodging
  5549 | D:8      | Reached skill level 9 in Ranged Weapons
  7203 | D:7      | Reached skill level 10 in Ranged Weapons
  7203 | D:7      | Reached XP level 9. HP: 36/74 MP: 11/11
  9131 | D:9      | Slain by a troll

Illustrated notes

Levels and vault maps discovered:
D:1:      matt_arrival_debris, layout_basic, serial_shops, shop_coins,
          chequers_ecumenical_altar_twisty
D:2:      layout_basic, serial_glass, glass_columns_a, glass_columns_c,
          glass_columns_a, glass_columns_a, glass_columns_b, glass_columns_b,
          glass_columns_c, glass_columns_a
D:3:      layout_basic, minmay_misc_feat_ornament
D:4:      layout_rooms, minmay_temple_entry_statues
D:5:      layout_basic, hellmonk_ghost_happy_afterlife, columned_hall_lemuel
D:6:      layout_basic, serial_co_window_serial, co_window_of_opportunity_a,
          co_window_corner_a, co_window_paths_a, co_window_of_opportunity_a,
          co_window_paths_b, co_window_cross_4, co_window_paths_c,
          co_window_corner_cb, co_window_of_opportunity_b, co_window_2corner,
          co_window_of_opportunity_c, co_window_4corner_b, co_window_sun,
          glass_columns_c, glass_columns_a
D:7:      layout_loops_ring, pdpol_temple_overflow_zin_treasury_gozag_greed,
          nicolae_hexahallways
D:8:      layout_basic, enter_ossuary_2, serial_shops, shop_statue
D:9:      layout_roguey [special_room_kobold], minmay_lair_entry_grove,
          hex_tiny, uniq_harold
Temple:   oiseaux_autumnal_temple

Skill      XL: |  1  2  3  4  5  6  7  8  9 |
---------------+----------------------------+-----
Fighting       | 2 3 4 5 6 |  6.0
Ranged Weapons | 4 5 6 8 10 | 10.6
Dodging        | 2 3 4 5 6 |  6.0
Stealth        | |  0.8

Action                   |  1- 3 |  4- 6 |  7- 9 || total
-------------------------+-------+-------+-------++-------
 Fire: Shortbow          |   124 |   147 |   264 ||   535
  Use: Scroll            |       |     8 |     2 ||    10
       Potion            |       |     1 |       ||     1
Armor: Leather armour    |    14 |       |       ||    14
       Robe              |     2 |     2 |       ||     4
       Ring mail         |       |    14 |    40 ||    54
Dodge: Dodged            |    44 |    36 |   107 ||   187

Table legend: (Time is in decaauts)
 A = Elapsed time spent in this place.
 B = Non-inter-level travel time spent in this place.
 C = Inter-level travel time spent in this place.
 D = Time resting spent in this place.
 E = Time spent auto-exploring this place.
 F = Levels seen in this place.
 G = Mean time per level.
                   A        B        C        D        E       F      G
               +--------+--------+--------+--------+--------+-----+--------+
         Total |   9290 |   8107 |   1183 |   1706 |   4533 |  11 |  844.5 |
       Dungeon |   8928 |   7746 |   1182 |   1621 |   4507 |   9 |  992.0 |
        Temple |     43 |     42 |      1 |      0 |      7 |   1 |   43.0 |
       Ossuary |    317 |    317 |      0 |     85 |     19 |   1 |  317.0 |
               +--------+--------+--------+--------+--------+-----+--------+

Top non-repeatable levels by time:
     D:5: 1438 daAuts
     D:6: 1311 daAuts
     D:7: 1309 daAuts
     D:1: 1107 daAuts
     D:3: 1095 daAuts
     D:8: 977 daAuts
     D:2: 941 daAuts
     D:4: 716 daAuts
 Ossuary: 317 daAuts
  Temple: 43 daAuts
     D:9: 31 daAuts
